 Dungeon Crawl Stone Soup version 0.26-a0-520-g952f204493 (webtiles) character file.

Game seed: 16931624869001358673

10351 ANON1729 the Martial Artist (level 11, -1/83 HPs)
             Began as a Demonspawn Transmuter on Aug 12, 2020.
             Was an Initiate of Ru.
             Slain by Snorg (26 damage)
             ... on level 11 of the Dungeon.
             The game lasted 00:43:31 (19645 turns).

ANON1729 the Martial Artist (DsTm)                 Turns: 19645, Time: 00:43:32

Health: -1/83      AC:  5    Str: 12    XL:     11   Next: 35%
Magic:  14/19      EV: 15    Int: 16    God:    Ru [......]
Gold:   687        SH:  0    Dex: 14    Spells: 4/21 levels left

rFire    . . .     SeeInvis .     - Unarmed
rCold    + . .     Faith    .   (shield currently unavailable)
rNeg     + + .     Spirit   .   a - +0 robe
rPois    .         Reflect  .   E - +1 helmet
rElec    .         Harm     .   (no cloak)
rCorr    .                      (gloves unavailable)
MR       .....                  (no boots)
Stlth    +.........             (no amulet)
HPRegen  0.23/turn              p - ring of positive energy
MPRegen  0.16/turn              D - ring of positive energy

@: blade hands
A: claws 3, rugged brown scales 1, cold resistance 1, freezing cloud immunity
a: End Transformation, Renounce Religion


You were on level 11 of the Dungeon.
You worshipped Ru.
Ru was noncommittal.
You had blades for hands.
You visited 2 branches of the dungeon, and saw 12 of its levels.
You also visited: Ossuary.

You collected 731 gold pieces.
You spent 44 gold pieces at shops.

Inventory:

Hand Weapons
 B - the +7 whip "Juhem" {vorpal, rN+ Dex+4}
   (You found it on level 5 of the Dungeon)

   It inflicts extra damage upon your enemies.
   It affects your dexterity (+4).
   It protects you from negative energy.
Armour
 a - a +0 robe (worn)
 n - a +1 pair of gloves
 E - a +1 helmet (worn)
Jewellery
 p - a ring of positive energy (left scythe-like blade)
 r - the ring of Mirth {Fire +Blink rElec Int-2}
   (You found it on level 8 of the Dungeon)

   [ring of fire]

   It enhances your fire magic.
   It affects your intelligence (-2).
   It protects you from fire.
   It makes you vulnerable to cold.
   It insulates you from electricity.
   It lets you blink.
 D - a ring of positive energy (right scythe-like blade)
Wands
 b - a wand of random effects (17)
 m - a wand of flame (22)
 J - a wand of iceblast (7)
Scrolls
 c - a scroll of noise {unknown}
 e - 3 scrolls of remove curse
 f - 2 scrolls of amnesia {unknown}
 g - 6 scrolls of teleportation
 h - a scroll of fear {unknown}
 j - 12 scrolls of identify {unknown}
 k - 2 scrolls of enchant weapon {unknown}
 o - a scroll of fog {unknown}
 u - 2 scrolls of random uselessness {unknown}
 w - a scroll of vulnerability {unknown}
 y - a scroll of enchant armour {unknown}
 F - a scroll of immolation {unknown}
 G - a scroll of magic mapping {unknown}
 L - a scroll of blinking {unknown}
Potions
 d - a potion of lignification
 i - 6 potions of curing
 l - 3 potions of resistance {unknown}
 q - a potion of might {unknown}
 s - 2 potions of flight {unknown}
 t - 3 potions of degeneration {unknown}
 v - a potion of cancellation {unknown}
 x - a potion of haste {unknown}
 z - a potion of mutation {unknown}
 A - 5 potions of ambrosia
 C - a potion of stabbing
 H - 2 potions of heal wounds {unknown}
 I - a potion of brilliance {unknown}
 K - a potion of magic {unknown}


   Skills:
 + Level 6.1 Fighting
 + Level 5.8 Dodging
 * Level 8.5 Unarmed Combat
 + Level 5.9 Spellcasting
 * Level 8.2 Transmutations
 + Level 4.5 Ice Magic
 + Level 5.6 Poison Magic


You had 4 spell levels left.
You knew the following spells:

 Your Spells              Type           Power        Failure   Level
a - Beastly Appendage     Tmut           ####..       12%         1
b - Wereblood             Tmut           ####....     13%         2
c - Spider Form           Tmut/Pois      ####......   22%         3
d - Ice Form              Ice/Tmut       ####....     45%         4
e - Blade Hands           Tmut           ####......   52%         5
f - Blink                 Tloc           N/A          65%         2

Your spell library contained the following spells:

 Spells                   Type           Power        Failure   Level
 Animate Skeleton         Necr           #.....       54%         1
 Apportation              Tloc           #.....       54%         1
 Corona                   Hex            #......      54%         1
 Foxfire                  Conj/Fire      #...         54%         1
 Magic Dart               Conj           #...         54%         1
 Summon Small Mammal      Summ           #...         54%         1
 Mephitic Cloud           Conj/Pois/Air  ##......     61%         3
 Call Imp                 Summ           #.......     65%         2
 Slow                     Hex            #.......     65%         2
 Conjure Flame            Conj/Fire      #.......     80%         3
 Inner Flame              Hex/Fire       #.......     80%         3
 Sticky Flame             Conj/Fire      #.......     98%         4
 Fireball                 Conj/Fire      #.........   100%        5


Dungeon Overview and Level Annotations

Branches:
Dungeon (11/15)            Temple (1/1) D:6            Lair (0/6) D:8
Ossuary (visited)
    Orc: D:9-12

Altars:
Ashenzari
Cheibriados
Elyvilon
Fedhas
Gozag
Hepliaklqana
Kikubaaqudgha
Makhleb
Nemelex Xobeh
Okawaru
Qazlal
Ru
Sif Muna
Trog
Uskayaw
Vehumet
Wu Jian
Xom
Yredelemnul
Zin
The Shining One

Shops:
D:5 *   D:10 (

Annotations:
D:3 Grinder
D:7 exclusion: oklob plant
D:11 Snorg


Innate Abilities, Weirdness & Mutations

You have claws for hands.
You are partially covered in rugged brown scales. (AC +1, +3% HP)
Your flesh is cold resistant. (rC+)
You are immune to freezing clouds.


Message History

Casting: Beastly Appendage (safe; 1% risk of failure)
Confirm with . or Enter, or press ? or * to list all spells.
Your hands turn into razor-sharp scythe blades.
Snorg closely misses you. Snorg misses you. Snorg closely misses you.
You slice Snorg!!
Snorg is moderately wounded.
Snorg closely misses you. Snorg claws you. x2
You slice Snorg!!
Snorg is heavily wounded.
Snorg bites you!! Snorg barely misses you. Snorg claws you.
You slice Snorg!!
Snorg is severely wounded.
Snorg goes berserk!
You slice Snorg!!
Snorg is almost dead.
Snorg misses you. Snorg claws you! Snorg claws you!!
You barely miss Snorg.
Snorg is almost dead.
Snorg bites you!!
You die...

##...## #.#
##..?..####.##
##...>...#..T..
####l.(.........#.
#.).T.......#.....
#.####.###.## ...
#<##...# #.##.#.#
#.##.#.###.##.#.##
#@##.#.....##.....
#.T......######+##
####.##### ##...# #.##
##..... #..## ##......
########...####.......
..............'.......
..#####....####.......
#.#.## ##......


You could see Snorg (berserk).

Vanquished Creatures
  Erica (D:8)
  An unseen horror (D:10)
  A queen bee (D:9)
  2 hippogriffs (D:8)
  4 yaks (D:9)
  Grum (D:8)
  A porcupine (D:8)
  A black bear (D:9)
  3 sky beasts
  3 ice beasts
  4 orc warriors
  3 ogres
  A phantom (D:6)
  3 wolves (D:8)
  6 centaurs
  A big kobold (D:8)
  A crocodile (D:8)
  9 bullfrogs
  6 scorpions
  4 wights (D:10)
  30 killer bees
  2 vampire bats (D:9)
  3 howler monkeys
  2 centaur zombies
  9 hounds
  2 bullfrog zombies
  3 quasits
  10 orc priests
  3 centaur skeletons
  3 jellies
  15 orc wizards
  A bullfrog skeleton (D:8)
  An iguana (D:11)
  Terence (D:2)
  Natasha (thrice) (D:3)
  8 worker ants
  3 hound skeletons
  3 mummies (Ossuary)
  Robin (D:2)
  2 worker ant zombies
  22 adders
  7 gnolls
  4 shadow imps
  A white imp (D:8)
  An adder skeleton (D:5)
  2 adder zombies
  2 worms
  4 dart slugs
  10 leopard geckos
  50 orcs
  4 ball pythons
  2 bat zombies (D:8)
  4 giant cockroaches
  A gnoll zombie (Ossuary)
  16 goblins
  12 hobgoblins
  22 jackals
  9 kobolds
  10 quokkas
  14 bats
  7 frilled lizards
  3 goblin zombies
  3 hobgoblin zombies (Ossuary)
  A jackal skeleton (D:4)
  4 kobold zombies (Ossuary)
  3 leopard gecko skeletons
  An orc zombie (Ossuary)
  2 quokka zombies
  9 rats
  6 rat zombies (Ossuary)
397 creatures vanquished.

Vanquished Creatures (others)
  2 yaks
  A killer bee (D:9)
  7 fungi (D:8)
  5 plants (D:8)
15 creatures vanquished.

Grand Total: 412 creatures vanquished

Notes
Turn   | Place    | Note
-------+----------+-------------------------------------------
     0 | D:1      | ANON1729 the Demonspawn Transmuter began the quest for the
                  | Orb.
     0 | D:1      | Reached XP level 1. HP: 15/15 MP: 3/3
   116 | D:1      | Gained mutation: Your flesh is cold resistant. (rC+)
                  | [demonic ancestry]
   116 | D:1      | Reached XP level 2. HP: 9/21 MP: 3/5
   428 | D:1      | Reached XP level 3. HP: 18/26 MP: 6/6
  1525 | D:2      | Noticed Robin
  2480 | D:2      | Killed Robin
  2480 | D:2      | Reached XP level 4. HP: 15/32 MP: 5/7
  3244 | D:2      | Noticed Terence
  3249 | D:2      | Learned a level 2 spell: Wereblood
  3253 | D:2      | Learned a level 3 spell: Spider Form
  3264 | D:2      | Killed Terence
  3555 | D:2      | Reached XP level 5. HP: 38/38 MP: 6/8
  3843 | D:3      | Found a faded altar of an unknown god.
  3843 | D:3      | Noticed Natasha
  3868 | D:3      | Killed Natasha
  4064 | D:3      | Noticed Natasha
  4082 | D:3      | Killed Natasha
  4092 | D:3      | Noticed Grinder
  4382 | D:3      | Noticed Natasha
  4391 | D:3      | Killed Natasha
  4391 | D:3      | Reached skill level 1 in Poison Magic
  4391 | D:3      | Gained mutation: You are partially covered in rugged brown
                  | scales. (AC +1, +3% HP) [demonic ancestry]
  4391 | D:3      | Reached XP level 6. HP: 25/45 MP: 8/10
  4537 | D:3      | Found a shattered altar of Ashenzari.
  5627 | D:4      | Found a sand-covered staircase.
  5661 | Ossuary  | Entered an ossuary
  5666 | Ossuary  | Gained mutation: You are immune to freezing clouds.
                  | [demonic ancestry]
  5666 | Ossuary  | Reached XP level 7. HP: 52/52 MP: 9/11
  6266 | D:4      | Found a sacrificial altar of Ru.
  6422 | D:4      | Found an opulent altar of Gozag.
  7052 | D:4      | Learned a level 4 spell: Ice Form
  7095 | D:5      | Entered Level 5 of the Dungeon
  7144 | D:5      | Reached skill level 5 in Unarmed Combat
  7967 | D:5      | Found Muoss's Assorted Antiques.
  7981 | D:5      | Gained mutation: You have sharp fingernails. [demonic
                  | ancestry]
  7981 | D:5      | Reached XP level 8. HP: 32/59 MP: 9/13
  7997 | D:5      | Bought a coppery potion for 22 gold pieces
  7997 | D:5      | Bought a fuming red potion for 22 gold pieces
  8426 | D:5      | Found a sparkling altar of Nemelex Xobeh.
  8602 | D:5      | Got a fine whip
  8632 | D:5      | Identified the +7 whip "Juhem" {vorpal, rN+ Dex+4} (You
                  | found it on level 5 of the Dungeon)
  8709 | D:5      | Reached skill level 1 in Ice Magic
  8915 | D:6      | Reached skill level 5 in Transmutations
  9358 | D:6      | Found a staircase to the Ecumenical Temple.
  9405 | Temple   | Entered the Ecumenical Temple
 10522 | D:7      | Gained mutation: You have very sharp fingernails. [demonic
                  | ancestry]
 10522 | D:7      | Reached XP level 9. HP: 47/66 MP: 15/15
 10746 | Temple   | Became a worshipper of Ru the Awakened
 10979 | D:7      | Found an opulent altar of Gozag.
 10980 | D:7      | Noticed an oklob plant
 12037 | D:8      | Noticed Erica
 12069 | D:8      | Killed Erica
 12502 | D:8      | Reached XP level 10. HP: 74/75 MP: 13/17
 13071 | D:8      | Found a staircase to the Lair.
 13080 | D:8      | Reached skill level 5 in Fighting
 13090 | D:8      | Reached skill level 5 in Spellcasting
 13145 | D:8      | Reached skill level 5 in Dodging
 14526 | D:8      | Got a faintly glowing pewter ring
 14528 | D:8      | Identified the ring of Mirth {Fire +Blink rElec Int-2} (You
                  | found it on level 8 of the Dungeon)
 14531 | D:8      | Found an ancient bone altar of Kikubaaqudgha.
 14813 | D:8      | Noticed Grum
 14834 | D:8      | Killed Grum
 15133 | D:9      | Reached skill level 5 in Poison Magic
 16862 | D:9      | Gained mutation: You have claws for hands. [demonic
                  | ancestry]
 16862 | D:9      | Reached XP level 11. HP: 82/83 MP: 14/19
 17092 | D:10     | Entered Level 10 of the Dungeon
 18439 | D:10     | Killed an unseen horror
 18649 | D:10     | Found Ifiof's Antique Weapon Boutique.
 19325 | D:11     | Noticed Snorg
 19601 | D:11     | Learned a level 5 spell: Blade Hands
 19604 | D:11     | Learned a level 2 spell: Blink
 19645 | D:11     | Slain by Snorg

Illustrated notes

Levels and vault maps discovered:
D:1:      elethiomel_arrival_infinity_welcomes_careful_drivers, layout_basic,
          chequers_serial_rivers_micro_d
D:2:      layout_basic, minmay_quadrilaterals, uniq_robin, uniq_terence
D:3:      layout_loops_ring, nicolae_overflow_crystal_walls,
          chequers_ecumenical_altar_island, uniq_grinder, uniq_natasha
D:4:      minmay_spotlight, layout_loops_corners, grunt_gozag_breadcrumbs,
          enter_ossuary_4, nicolae_ru_awakened_eye
D:5:      layout_basic, serial_shops, shop, nemelex_altar_shiori
D:6:      layout_loops_cross, minmay_temple_entry_nine_rooms
D:7:      layout_rooms, lemuel_oklob_altar
D:8:      minmay_thinvault, layout_loops_ring, lemuel_coloured_pillars_altar,
          lemuel_zombie_altar_kikubaaqudgha, grunt_lair_entry_orc_guard_hut,
          uniq_grum, uniq_erica
D:9:      layout_cave_pools, special_room [special_room_bee], roderic_batcave
D:10:     layout_small_grid, serial_shops, kennysheep_mini
D:11:     layout_loops_corners, serial_rivers, chequers_serial_rivers_micro_e,
          chequers_serial_rivers_small_b, chequers_serial_rivers_micro_c,
          chequers_serial_rivers_room_a, gammafunk_ghost_grave, uniq_snorg
Temple:   compressed_dpeg_circular_temple

Skill      XL: |  1  2  3  4  5  6  7  8  9 10 11 |
---------------+----------------------------------+-----
Transmutations | 2 3 4 5 6 7 8 |  8.2
Unarmed Combat | 3 4 5 6 7 8 |  8.5
Dodging        | 2 3 4 5 |  5.8
Fighting       | 2 3 4 5 6 |  6.1
Poison Magic   | 1 2 3 4 5 |  5.6
Spellcasting   | 3 4 5 |  5.9
Ice Magic      | 2 3 4 |  4.5

Action                   |  1- 3 |  4- 6 |  7- 9 | 10-12 || total
-------------------------+-------+-------+-------+-------++-------
Melee: Unarmed           |   145 |   325 |   517 |   536 ||  1523
       Headbutt          |    12 |    21 |    45 |    20 ||    98
       Kick              |    18 |    45 |    69 |    21 ||   153
       Punch             |     1 |     3 |    10 |     8 ||    22
 Cast: Beastly Appendage |    21 |    35 |    35 |    12 ||   103
       Spider Form       |       |     3 |    14 |    12 ||    29
       Ice Form          |       |       |     5 |    10 ||    15
       Blade Hands       |       |       |       |     1 ||     1
Invok: Reject Sacrifices |       |       |       |     1 ||     1
Evoke: Wand              |       |     3 |    11 |     7 ||    21
  Use: Potion            |     3 |       |     2 |     5 ||    10
       Scroll            |       |     2 |       |     2 ||     4
 Stab: Sleeping          |     3 |     1 |     2 |     2 ||     8
       Invisible         |     1 |       |       |       ||     1
       Distracted        |       |       |       |     1 ||     1
       Paralysed         |       |       |       |     1 ||     1
Armor: Robe              |    29 |    66 |   101 |    66 ||   262
       Skin              |       |       |    43 |    71 ||   114
Dodge: Dodged            |   132 |   212 |   363 |   437 ||  1144

Table legend: (Time is in decaauts)
 A = Elapsed time spent in this place.
 B = Non-inter-level travel time spent in this place.
 C = Inter-level travel time spent in this place.
 D = Time resting spent in this place.
 E = Time spent auto-exploring this place.
 F = Levels seen in this place.
 G = Mean time per level.
                   A        B        C        D        E       F      G
               +--------+--------+--------+--------+--------+-----+--------+
         Total |  19537 |  19112 |    425 |  11161 |   4775 |  13 | 1502.8 |
       Dungeon |  18833 |  18504 |    329 |  10835 |   4676 |  11 | 1712.1 |
        Temple |    211 |    115 |     96 |      0 |     91 |   1 |  211.0 |
       Ossuary |    492 |    492 |      0 |    326 |      8 |   1 |  492.0 |
               +--------+--------+--------+--------+--------+-----+--------+

Top non-repeatable levels by time:
     D:1: 2413 daAuts
     D:8: 2225 daAuts
     D:9: 2222 daAuts
    D:10: 2199 daAuts
     D:7: 2088 daAuts
     D:6: 1567 daAuts
     D:4: 1544 daAuts
     D:5: 1530 daAuts
     D:2: 1411 daAuts
     D:3: 1308 daAuts
 Ossuary: 492 daAuts
    D:11: 322 daAuts
  Temple: 211 daAuts
